 Dungeon Crawl Stone Soup version 0.21-a0-329-g12f17e1 (webtiles) character file.

81042 Moloch the Eclecticist (level 15, -3/90 HPs)
             Began as a Mummy Wizard on Oct 1, 2017.
             Was the Champion of Vehumet.
             Slain by an unseen horror (7 damage)
             ... on level 15 of the Dungeon.
             The game lasted 01:49:45 (24209 turns).

Moloch the Eclecticist (Mummy Wizard)              Turns: 24209, Time: 01:49:45

Health: -3/90      AC: 11    Str: 12    XL:     15   Next: 25%
Magic:  49/59      EV: 11    Int: 29    God:    Vehumet [******]
Gold:   2313       SH:  6    Dex: 10    Spells: 7/46 levels left

rFire    x . .     SeeInvis .   B - staff of power
rCold    + + .     Gourm    .   G - +2 buckler {rC+}
rNeg     + + +     Faith    .   l - +0 troll leather armour {Purgy}
rPois    ∞         Spirit   .   T - +2 hat
rElec    .         Reflect  .   b - scarf {cloud immunity}
rCorr    .         Harm     .   M - +1 pair of gloves {archery}
MR       +....                  E - +2 pair of boots {Fly}
Stlth    +.........             g - amulet of magic regeneration
HPRegen  0.65/turn              K - +6 ring of intelligence
MPRegen  0.61/turn              H - ring of magical power

@: flying
A: no food or potions, fire vulnerability, cold resistance 1, negative energy
resistance 3, torment resistance, unbreathing, in touch with death 1
a: Renounce Religion, Stop Flying


You were on level 15 of the Dungeon.
You worshipped Vehumet.
Vehumet was exalted by your worship.
You were not hungry.

You visited 5 branches of the dungeon, and saw 25 of its levels.
You also visited: Sewer, Ossuary, Bailey and Ice Cave.

You collected 3534 gold pieces.
You spent 1221 gold pieces at shops.

Inventory:

Hand Weapons
 u - a +2 trident of venom
 R - a +3 demon whip of freezing
Missiles
 h - 47 poisoned needles
 L - 2 throwing nets (quivered)
 P - 8 curare-tipped needles
Armour
 b - a scarf of cloud immunity (worn)
 l - a +0 troll leather armour (worn) {Purgy}
 A - the +6 leather armour of Moithrat {Int+2 Stlth+}
   (You found it on level 6 of the Dungeon)

   It affects your intelligence (+2).
   It makes you more stealthy.
 E - a +2 pair of boots of flying (worn)
 G - a +2 buckler of cold resistance (worn)
 M - a +1 pair of gloves of archery (worn)
 T - a +2 hat (worn)
Magical Staves
 e - an uncursed staff of cold
 B - an uncursed staff of power (weapon)
 F - an uncursed staff of conjuration
 O - an uncursed staff of death
Jewellery
 g - an amulet of magic regeneration (around neck)
 n - an uncursed amulet of regeneration
 v - a +3 ring of protection
 x - an uncursed ring of see invisible
 y - an uncursed ring of ice
 H - a ring of magical power (right hand)
 K - a +6 ring of intelligence (left hand)
Wands
 i - a wand of clouds (0/9)
 t - a wand of paralysis (4/24)
 J - a wand of paralysis (13/24)
 Q - a wand of iceblast (5/15)
 U - a wand of confusion (18/48)
Scrolls
 a - 4 scrolls of enchant weapon
 c - a scroll of holy word
 d - 13 scrolls of identify
 f - 3 scrolls of recharging
 j - 3 scrolls of amnesia
 k - 5 scrolls of fear
 m - 12 scrolls of teleportation
 o - a scroll of torment
 p - 4 scrolls of enchant armour
 q - 4 scrolls of fog
 r - 3 scrolls of magic mapping
 s - 7 scrolls of remove curse
 w - a scroll of blinking
 C - a scroll of silence
 I - 2 scrolls of immolation
 N - a scroll of brand weapon
 S - 3 scrolls of summoning


   Skills:
 - Level 1.5 Dodging
 - Level 1.5 Stealth
 - Level 4.0 Shields
 + Level 16.3 Spellcasting
 * Level 12.8 Conjurations
 - Level 0.7 Summonings
 - Level 0.7 Translocations
 * Level 14.2 Ice Magic


You had 7 spell levels left.
You knew the following spells:

 Your Spells              Type           Power        Failure   Level  Hunger
b - Blink                 Tloc           N/A          2%          2    N/A
c - Call Imp              Summ           ####....     2%          2    N/A
d - Mephitic Cloud        Conj/Pois/Air  #####...     1%          3    N/A
e - Conjure Flame         Conj/Fire      ######..     1%          3    N/A
f - Summon Ice Beast      Ice/Summ       ######..     1%          4    N/A
g - Throw Icicle          Conj/Ice       #######.     1%          4    N/A
h - Bolt of Cold          Conj/Ice       #######...   1%          6    N/A
i - Ozocubu's Armour      Chrm/Ice       ######..     1%          3    N/A
j - Freezing Cloud        Conj/Ice/Air   ######....   2%          6    N/A
k - Bolt of Fire          Conj/Fire      ######....   7%          6    N/A

Dungeon Overview and Level Annotations

Branches:
Dungeon (15/15)            Temple (1/1) D:5            Lair (6/6) D:8
 Shoals (0/4) Lair:3        Snake (0/4) Lair:2        Slime (0/5) Lair:6
    Orc (2/2) D:12            Elf (1/3) Orc:2        Vaults (0/5) D:14
 Depths: D:15

Altars:
Ashenzari
Cheibriados
Dithmenos
Elyvilon
Fedhas
Gozag
Hepliaklqana
Nemelex Xobeh
Okawaru
Qazlal
Ru
Sif Muna
Trog
Vehumet
Wu Jian
Xom
Yredelemnul
Zin
Beogh
Jiyva

Shops:
D:5 }   D:6 ?%?   D:7 [   Orc:1 [   Orc:2 !*(!   Elf:1 ?

Annotations:
D:7 Joseph


Innate Abilities, Weirdness & Mutations

You do not eat or drink.
Your flesh is vulnerable to fire.
You are immune to poison.
Your flesh is cold resistant. (rC+)
You are immune to negative energy. (rN+++)
You are immune to unholy pain and torment.
You can survive without breathing.
You are in touch with the powers of death.


Message History

Casting: Throw Icicle
Confirm with . or Enter, or press ? or * to list all spells.
Aiming: Throw Icicle
Press: ? - help, Shift-Dir - straight line, f/p - cyclops
Aim: a cyclops (severely wounded)
The shard of ice hits the cyclops.
The cyclops is almost dead.
Something hits you but does no damage.
The cyclops throws a large rock.
The large rock hits you!!!
* * * LOW HITPOINT WARNING * * *
Casting: Throw Icicle
Confirm with . or Enter, or press ? or * to list all spells.
Aiming: Throw Icicle
Press: ? - help, Shift-Dir - straight line, f/p - cyclops
Aim: a cyclops (almost dead)
The shard of ice hits the cyclops.
You kill the cyclops!
Vehumet accepts your kill.
You feel your power returning. Something hits you!
You die...

........#
..... ..#
........#
........#
##....#..
........#
........#
.......@#
####......#
##.#......
#..#.#(#..$#
#. ..#.# #.#
#. ..#.# . #
..# . #..# #


There were no monsters in sight!

Vanquished Creatures
  2 hydras
  A death knight (D:14)
  3 two-headed ogres
  3 dancing weapons
  An orc high priest (Orc:1)
  Sonja (D:14)
  5 deep elf knights (Elf:1)
  3 orc knights
  6 deep elf archers (Elf:1)
  A phantasmal warrior (D:14)
  A necromancer (Lair:6)
  A cyclops (D:15)
  3 ugly things (D:14)
  24 deep elf magi (Elf:1)
  2 orc sorcerers (Orc:1)
  3 elephants (Lair:4)
  11 black mambas
  A guardian serpent (shapeshifter) (Elf:1)
  2 centaur zombies
  2 ice statues (IceCv)
  A gargoyle (D:14)
  A kobold demonologist (D:14)
  28 spiny frogs
  A rime drake (Lair:6)
  7 komodo dragons
  9 ice devils (IceCv)
  6 trolls
  5 tyrant leeches (Lair:6)
  2 polar bears
  8 hippogriffs
  29 blink frogs
  3 air elementals (Elf:1)
  A wyvern (Lair:3)
  2 wraiths (D:14)
  A vampire (D:14)
  2 water elementals (Elf:1)
  9 yaks
  A steam dragon (Lair:5)
  2 hungry ghosts
  6 vampire mosquitoes (Lair:6)
  4 wargs
  2 nagas (Lair:2)
  A soldier ant (D:14)
  9 water moccasins
  An acid dragon (D:14)
  36 orc warriors
  2 porcupines
  4 sky beasts
  10 ogres
  A phantom (D:10)
  An eye of draining (shapeshifter) (D:14)
  4 wolves
  19 centaurs
  10 crocodiles
  A wyvern zombie (D:7)
  22 bullfrogs
  A big kobold (D:7)
  An earth elemental (Elf:1)
  A scorpion (D:8)
  14 killer bees
  2 howler monkeys (D:7)
  3 jellies
  5 electric eels
  2 bullfrog zombies
  2 crimson imps
  10 orc priests
  4 centaur skeletons
  A gnoll shaman (D:10)
  7 hounds
  15 orc wizards
  Terence (D:3)
  4 iguanas
  Natasha (twice) (D:2)
  3 polar bear simulacra (Lair:6)
  11 worker ants
  2 yak simulacra (Lair:6)
  A wolf simulacrum (Lair:6)
  A hound skeleton (D:5)
  4 mummies
  A worker ant zombie (D:7)
  11 adders
  21 gnolls
  A howler monkey skeleton (D:5)
  4 shadow imps
  3 white imps (IceCv)
  6 ufetubi (IceCv)
  2 oozes
  A worm (D:3)
  3 adder skeletons
  2 dart slugs
  5 leopard geckos
  72 orcs
  10 giant cockroaches
  7 goblins
  4 hobgoblins
  7 jackals
  16 kobolds
  3 quokkas
  16 bats
  4 frilled lizards
  A quokka skeleton (D:7)
  5 rats
  4 river rat simulacra (Lair:6)
  3 plants (Lair:6)
636 creatures vanquished.

Vanquished Creatures (collateral kills)
  A deep elf high priest (Elf:1)
  3 hydras
  2 two-headed ogres
  Urug (Lair:2)
  The ghost of nikopol the Thaumaturge, a novice DEFE of Sif Muna (D:9)
  A phantasmal warrior (D:13)
  An orc knight (D:11)
  An oklob plant (Lair:2)
  2 cyclopes (D:13)
  2 black mambas (Lair:1)
  A rime drake (Lair:4)
  An efreet (D:13)
  A tengu conjurer (D:13)
  A troll (D:9)
  Grinder (D:6)
  3 blink frogs (Lair:5)
  2 hippogriffs
  A wyvern (D:10)
  A spatial vortex (D:9)
  The ghost of nikopol the Magician, an amateur DEFE of Sif Muna (D:3)
  2 water moccasins
  Purgy (Sewer)
  10 orc warriors
  An ice beast (D:12)
  A sky beast (D:10)
  A black bear (Lair:1)
  A phantom (D:9)
  2 wolves
  6 ogres
  6 centaurs
  A gnoll sergeant (D:11)
  A bullfrog (D:11)
  A killer bee (D:11)
  4 wights (D:10)
  2 crimson imps
  A quasit (D:12)
  A hound (D:11)
  3 orc wizards
  3 iguanas
  2 worker ants
  A polar bear simulacrum (Lair:6)
  2 gnolls (D:11)
  An adder (D:12)
  An ufetubus (IceCv)
  A leopard gecko (D:9)
  15 orcs
  2 gnoll zombies (Ossuary)
  2 goblins (D:3)
  A jackal (D:2)
  A hobgoblin zombie (Ossuary)
  2 kobolds (Bailey)
  A rat (D:3)
108 creatures vanquished.

Vanquished Creatures (others)
  A reaper (IceCv)
  4 white imps (IceCv)
  6 ufetubi (IceCv)
  17 fungi
  39 plants
67 creatures vanquished.

Grand Total: 811 creatures vanquished

Notes
Turn   | Place    | Note
-------+----------+-------------------------------------------
     0 | D:1      | Moloch the Mummy Wizard began the quest for the Orb.
     0 | D:1      | Reached XP level 1. HP: 13/13 MP: 5/5
   172 | D:1      | Reached skill level 1 in Conjurations
   180 | D:1      | Reached XP level 2. HP: 16/19 MP: 1/7
   226 | D:1      | Learned a level 2 spell: Blink
   229 | D:1      | Learned a level 2 spell: Call Imp
   652 | D:1      | Reached skill level 5 in Spellcasting
   718 | D:1      | Reached XP level 3. HP: 24/24 MP: 4/9
   900 | D:2      | Found a sparkling altar of Nemelex Xobeh.
  1033 | D:2      | Noticed Natasha
  1039 | D:2      | Learned a level 3 spell: Mephitic Cloud
  1061 | D:2      | Killed Natasha
  1234 | D:2      | Reached XP level 4. HP: 21/30 MP: 4/11
  1352 | D:2      | Noticed Natasha
  1359 | D:2      | Killed Natasha
  1730 | D:3      | Noticed Terence
  1756 | D:3      | Reached XP level 5. HP: 31/35 MP: 9/12
  1783 | D:3      | Killed Terence
  1796 | D:3      | Found a glowing drain.
  1830 | D:3      | Noticed nikopol's ghost (amateur DEFE)
  1840 | Sewer    | Entered a sewer
  1871 | Sewer    | Noticed Purgy
  1890 | Sewer    | Killed Purgy
  2186 | D:3      | Reached XP level 6. HP: 41/41 MP: 9/13
  2333 | D:3      | Killed nikopol's ghost
  2385 | D:4      | Learned a level 3 spell: Conjure Flame
  2627 | D:4      | Reached skill level 5 in Conjurations
  2740 | D:4      | Found the +2 hat of the Bear Spirit {Spirit, +Rage rN+ MR++}
  2762 | D:4      | Found a glowing silver altar of Zin.
  2765 | D:4      | Found a basalt altar of Yredelemnul.
  2768 | D:4      | Found an iron altar of Okawaru.
  2771 | D:4      | Found a snail-covered altar of Cheibriados.
  3105 | D:5      | Entered Level 5 of the Dungeon
  3125 | D:5      | Noticed a sky beast
  3248 | D:5      | Reached XP level 7. HP: 43/46 MP: 11/14
  3517 | D:5      | Found Hewn's Gadget Boutique.
  3533 | D:5      | Bought a wand of clouds (3/9) for 210 gold pieces
  3775 | D:5      | Reached XP level 8. HP: 42/52 MP: 15/15
  3797 | D:5      | Found a staircase to the Ecumenical Temple.
  3806 | Temple   | Entered the Ecumenical Temple
  3824 | Temple   | Became a worshipper of Vehumet
  3892 | D:6      | Found a sand-covered staircase.
  3913 | Ossuary  | Entered an ossuary
  3990 | D:6      | Found Usinurph's Magic Scroll Emporium.
  4135 | D:6      | Bought a scroll of teleportation for 42 gold pieces
  4201 | D:6      | Found a bloodstained altar of Trog.
  4223 | D:6      | Reached skill level 6 in Spellcasting
  4251 | D:6      | Found an opulent altar of Gozag.
  4335 | D:6      | Noticed Grinder
  4414 | D:6      | Got an ichor-stained leather armour
  4415 | D:6      | Identified the +6 leather armour of Moithrat {Int+2 Stlth+} (You found it on level 6 of the Dungeon)
  4443 | D:6      | Found a stormy altar of Qazlal.
  4452 | D:6      | Learned a level 4 spell: Summon Ice Beast
  4466 | D:6      | Reached * piety under Vehumet
  4466 | D:6      | Offered knowledge of Shock by Vehumet.
  4472 | D:6      | Reached skill level 1 in Ice Magic
  4573 | D:6      | Found Peirphuca's Food Shop.
  4575 | D:6      | Found Deducef's Magic Scroll Emporium.
  4643 | D:6      | Paralysed by Grinder for 6 turns
  4659 | D:6      | Killed Grinder
  5007 | D:7      | Reached XP level 9. HP: 57/57 MP: 18/18
  5168 | D:7      | Noticed Joseph
  5458 | D:7      | Reached skill level 5 in Ice Magic
  5646 | D:7      | Reached ** piety under Vehumet
  5707 | D:7      | Found Kink's Antique Armour Boutique.
  5714 | D:7      | Bought a shiny buckler for 172 gold pieces
  5865 | D:7      | Offered knowledge of Searing Ray by Vehumet.
  5912 | D:7      | Found a blossoming altar of Fedhas.
  6058 | D:8      | Noticed a two-headed ogre
  6070 | D:8      | Killed a two-headed ogre
  6254 | D:8      | Found a white marble altar of Elyvilon.
  6355 | D:8      | Found a staircase to the Lair.
  6602 | D:8      | Learned a level 4 spell: Throw Icicle
  6650 | D:9      | Found a flagged portal.
  6657 | D:9      | Noticed a red devil
  6744 | D:9      | Noticed a troll
  6785 | D:9      | Noticed nikopol's ghost (novice DEFE)
  6811 | D:9      | Killed nikopol's ghost
  6811 | D:9      | Reached XP level 10. HP: 44/63 MP: 1/19
  6893 | Bailey   | Entered a bailey
  7097 | Bailey   | Noticed an orc knight
  7115 | Bailey   | Killed an orc knight
  7143 | Bailey   | Found a burning altar of Makhleb.
  7147 | Bailey   | Offered knowledge of Static Discharge by Vehumet.
  7265 | D:9      | Found a shimmering altar of Xom.
  7846 | D:9      | Reached *** piety under Vehumet
  7860 | D:9      | Found a shattered altar of Ashenzari.
  8063 | D:10     | Entered Level 10 of the Dungeon
  8340 | D:10     | You fall through a shaft for 3 floors!
  8363 | D:12     | Found a staircase to the Orcish Mines.
  8441 | D:12     | Noticed a six-headed hydra
  8450 | D:12     | Got a heavily runed brass ring
  8452 | D:12     | Identified the ring of Heotwero {*Tele rPois rN+ Int+4} (You found it on level 12 of the Dungeon)
  8487 | D:11     | Offered knowledge of Airstrike by Vehumet.
  8691 | D:11     | Reached **** piety under Vehumet
  8800 | D:10     | Reached skill level 10 in Ice Magic
  8912 | D:10     | Offered knowledge of Lee's Rapid Deconstruction by Vehumet.
  9016 | D:10     | Reached XP level 11. HP: 68/68 MP: 20/20
  9557 | D:10     | Noticed a two-headed ogre
  9563 | D:10     | Killed a two-headed ogre
  9999 | D:11     | Noticed an orc knight
 10047 | D:11     | Killed an orc knight
 10065 | D:11     | Reached ***** piety under Vehumet
 10144 | D:11     | Found a roughly hewn altar of Beogh.
 10291 | D:11     | Offered knowledge of Sticky Flame by Vehumet.
 10458 | D:12     | Noticed a two-headed ogre
 10473 | D:12     | Killed a two-headed ogre
 10567 | D:12     | Killed a six-headed hydra
 10614 | D:12     | Reached skill level 7 in Spellcasting
 11535 | D:13     | Reached skill level 8 in Spellcasting
 12161 | Lair:1   | Entered Level 1 of the Lair of Beasts
 12167 | Lair:1   | Reached skill level 9 in Spellcasting
 12195 | Lair:1   | Noticed a seven-headed hydra
 12210 | Lair:1   | Killed a seven-headed hydra
 12929 | Lair:1   | Noticed a four-headed hydra
 12932 | Lair:1   | Killed a four-headed hydra
 13036 | Lair:1   | Reached skill level 10 in Spellcasting
 13036 | Lair:1   | Reached XP level 12. HP: 74/74 MP: 26/26
 13214 | Lair:2   | Found a staircase to the Snake Pit.
 13422 | Lair:2   | Noticed an eight-headed hydra
 13427 | Lair:2   | Killed an eight-headed hydra
 13620 | Lair:2   | Reached skill level 11 in Spellcasting
 13650 | Lair:2   | Noticed Urug
 13683 | Lair:2   | Killed Urug
 14368 | Lair:3   | Found a staircase to the Shoals.
 14381 | Lair:3   | Reached skill level 12 in Spellcasting
 14892 | Lair:3   | Offered knowledge of Bolt of Cold by Vehumet.
 14900 | Lair:3   | Learned a level 6 spell: Bolt of Cold
 14904 | Lair:3   | Learned a level 3 spell: Ozocubu's Armour
 15477 | Lair:4   | Reached skill level 10 in Conjurations
 15939 | Lair:5   | Noticed an eight-headed hydra
 15947 | Lair:4   | Killed an eight-headed hydra
 15997 | Lair:5   | Gained mutation: You are in touch with the powers of death. [Mummy growth]
 15997 | Lair:5   | Reached XP level 13. HP: 67/79 MP: 29/29
 16063 | Lair:5   | Reached skill level 13 in Spellcasting
 16975 | Lair:6   | Entered Level 6 of the Lair of Beasts
 17213 | Lair:6   | Reached skill level 14 in Spellcasting
 17314 | Lair:6   | Offered knowledge of Freezing Cloud by Vehumet.
 17331 | Lair:6   | Learned a level 6 spell: Freezing Cloud
 18108 | Lair:6   | Found a viscous altar of Jiyva.
 18108 | Lair:6   | Found a staircase to the Slime Pits.
 18334 | Lair:6   | Reached XP level 14. HP: 85/85 MP: 32/32
 18713 | Orc:1    | Entered Level 1 of the Orcish Mines
 18734 | Orc:1    | Found Mijaliesk's Antique Armour Shoppe.
 18747 | Orc:1    | Found a frozen archway.
 18755 | IceCv    | Entered an ice cave
 18966 | IceCv    | Reached skill level 15 in Spellcasting
 18990 | IceCv    | Killed a reaper
 20194 | Orc:1    | Bought a runed scarf for 272 gold pieces
 20211 | Orc:1    | Bought a faintly humming scale mail for 306 gold pieces
 20221 | Orc:1    | Identified the +2 scale mail of the Furies {*Slow Str+6} (You bought it in a shop on level 1 of the Orcish Mines)
 20255 | Orc:2    | Entered Level 2 of the Orcish Mines
 20393 | Orc:1    | Found a radiant altar of Vehumet.
 20948 | Orc:2    | Found a staircase to the Elven Halls.
 20967 | Orc:2    | Reached ****** piety under Vehumet
 21080 | Orc:2    | Offered knowledge of Conjure Ball Lightning by Vehumet.
 21720 | Orc:2    | Found Fiduf's Assorted Antiques.
 21720 | Orc:2    | Found Vais's Antique Weapon Emporium.
 21735 | Orc:2    | Found Cekias's Distillery.
 21737 | Orc:2    | Found Pifen's Distillery.
 21741 | Orc:2    | Bought a scroll of teleportation for 87 gold pieces
 21741 | Orc:2    | Bought a scroll of teleportation for 87 gold pieces
 22010 | Elf:1    | Entered Level 1 of the Elven Halls
 22124 | Elf:1    | Found Yptuom's Magic Scroll Boutique.
 22144 | Elf:1    | Bought a scroll of magic mapping for 45 gold pieces
 22403 | Elf:1    | Offered knowledge of Bolt of Fire by Vehumet.
 22548 | Elf:1    | HP: 2/85 [burnt (9)]
 22774 | Elf:1    | Reached skill level 16 in Spellcasting
 22776 | Elf:1    | HP: 4/85 [deep elf archer/arrow (28)]
 23112 | Elf:1    | Reached XP level 15. HP: 90/90 MP: 35/35
 23570 | D:14     | Found a gate to the Vaults.
 23724 | D:14     | Noticed Sonja
 23727 | D:14     | Killed Sonja
 23736 | D:14     | Got a jewelled falchion
 23737 | D:14     | Identified the +3 falchion of Darkness {antimagic, rElec MR+ Str-4} (You found it on level 14 of the Dungeon)
 23950 | D:14     | Learned a level 6 spell: Bolt of Fire
 24205 | D:15     | Entered Level 15 of the Dungeon
 24208 | D:15     | HP: 4/90 [cyclops/large rock (38)]
 24209 | D:15     | Slain by an unseen horror

Vault maps used:
D:1:      dpeg_arrival_snail
D:2:      overflow_temple_1_default, uniq_natasha
D:3:      gup_sewer_entry_glass, uniq_terence
D:4:      grunt_temple_overflow_cloverleaf, moated_statue,
          kennysheep_generic_room_15
D:5:      minmay_temple_entry_enclosed_plants, serial_shops, shop, first_bread
D:6:      old_standard_altar, gup_ossuary_entry_pyramid, serial_shops,
          shop_statue, shop_fountains, nicolae_shop_crystal, basic_altar,
          trog_butcher_becter, uniq_grinder
D:7:      fedhas_altar_4, serial_shops, shop, grunt_tough_drop, uniq_joseph
D:8:      lemuel_doored_altar, erik_lair_orcish_takeover
D:9:      cheibrodos_ashenzari_chains, basic_altar, enter_bailey_2
D:10:     serial_bayou, serial_bayou_pond_b, serial_bayou_lagoon_b,
          serial_bayou_pond_d, serial_bayou_pond_a, serial_bayou_shore_b,
          serial_bayou_pond_c
D:11:     special_room
D:12:     orc_0_dummy
D:13:     serial_glass, glass_columns_a, glass_columns_b, lab_entry_generic,
          grunt_tengu_nest
D:14:     erik_vaults_1, uniq_sonja
D:15:     grunt_enter_depths_magical_seal, serial_park_square1
Temple:   dshaligram_water_room_temple
Lair:1:   beast_lair_carwin_large_2, nicolae_quartered_pool_medium,
          guppyfry_lair_drakes
Lair:2:   cheibrodos_lair_river_kwai, guppyfry_snake_entry_island,
          serial_bayou_shore_b, uniq_urug
Lair:3:   shoals_dummy_entry
Lair:4:   serial_bayou_shore_b, serial_bayou_shore_a
Lair:5:   serial_bayou_shore_b, grunt_megastairs_5, serial_bayou_shore_b
Lair:6:   minmay_lair_end_frog_pond, dpeg_slime_entry_enclosed_altar,
          eino_house_with_fridge
Orc:1:    basic_altar, portal_ice_cave_entry_pillars_2, serial_shops, shop_coins
Orc:2:    st_orc_rangers
Elf:1:    eino_elf_arrival_customs, serial_shops, shop_scrolls,
          kennysheep_underground_church, feat_on_display
Sewer:    sewer_big_baddie
Ossuary:  ossuary_tomb_3
Bailey:   bailey_axe_3, bailey
IceCv:    ice_cave_small_demon

Skill      XL: |  1  2  3  4  5  6  7  8  9 10 11 12 13 14 15 |
---------------+----------------------------------------------+-----
Conjurations   | 1 2 3 4 5 7 8 10 11 12 | 12.8
Spellcasting   | 5 6 10 12 14 16 | 16.3
Ice Magic      | 3 7 10 11 12 13 14 | 14.2
Shields        | 4 |  4.0
Dodging        | |  1.5
Stealth        | |  1.5
Summonings     | |  0.7
Translocations | |  0.7

Action                   |  1- 3 |  4- 6 |  7- 9 | 10-12 | 13-15 || total
-------------------------+-------+-------+-------+-------+-------++-------
Melee: Mace              |    17 |    72 |     6 |       |       ||    95
       Trident           |       |       |   140 |       |       ||   140
       Staff             |       |       |    28 |    99 |    18 ||   145
 Cast: Magic Dart        |    60 |    65 |   121 |   148 |       ||   394
       Mephitic Cloud    |     2 |    19 |    74 |    97 |     3 ||   195
       Call Imp          |     1 |    18 |    23 |       |       ||    42
       Blink             |       |     1 |     1 |     5 |     4 ||    11
       Conjure Flame     |       |     1 |    22 |    21 |     9 ||    53
       Summon Ice Beast  |       |       |    24 |   171 |    52 ||   247
       Throw Icicle      |       |       |       |   203 |   352 ||   555
       Ozocubu's Armour  |       |       |       |     1 |       ||     1
       Freezing Cloud    |       |       |       |       |   163 ||   163
       Bolt of Cold      |       |       |       |       |     1 ||     1
Evoke: Wand              |       |       |     3 |       |       ||     3
  Use: Scroll            |       |     3 |     9 |    13 |     7 ||    32
 Stab: Confused          |       |     5 |     6 |     4 |       ||    15
       Distracted        |       |       |     1 |     1 |       ||     2
       Sleeping          |       |       |     1 |       |       ||     1
Armor: Robe              |     4 |    13 |       |       |       ||    17
       Troll leather arm |       |    11 |    25 |       |    10 ||    46
       Leather armour    |       |       |    22 |    61 |    34 ||   117
Dodge: Dodged            |    17 |    71 |    76 |   111 |    75 ||   350
Block: Buckler           |       |       |     2 |    64 |    43 ||   109

Table legend:
 A = Spawn XP
 B = Non-spawn XP
 C = Spawn XP percentage of total XP
 D = Spawn monster count
 E = Non-spawn monster count
 F = Spawn count percentage of total count
 G = Total turns spent on level
                    A         B        C        D         E        F      G
               +---------+---------+-------+---------+---------+-------+---------
         Total |       0 |  115775 |   0.0 |       0 |     740 |   0.0 | 24209
               +---------+---------+-------+---------+---------+-------+---------
           D:1 |       0 |      47 |   0.0 |       0 |      23 |   0.0 |   858
           D:2 |       0 |     146 |   0.0 |       0 |      19 |   0.0 |   926
           D:3 |       0 |     219 |   0.0 |       0 |      28 |   0.0 |   475
           D:4 |       0 |     229 |   0.0 |       0 |      15 |   0.0 |   900
           D:5 |       0 |     761 |   0.0 |       0 |      18 |   0.0 |   542
           D:6 |       0 |     917 |   0.0 |       0 |      28 |   0.0 |   972
           D:7 |       0 |    1382 |   0.0 |       0 |      31 |   0.0 |  1143
           D:8 |       0 |    1416 |   0.0 |       0 |      21 |   0.0 |   791
           D:9 |       0 |    1465 |   0.0 |       0 |      26 |   0.0 |  1151
          D:10 |       0 |    3451 |   0.0 |       0 |      36 |   0.0 |  1356
          D:11 |       0 |    2574 |   0.0 |       0 |      44 |   0.0 |  1008
          D:12 |       0 |    1858 |   0.0 |       0 |      24 |   0.0 |   839
          D:13 |       0 |    4121 |   0.0 |       0 |      17 |   0.0 |   983
          D:14 |       0 |   10573 |   0.0 |       0 |      28 |   0.0 |   758
          D:15 |       0 |     556 |   0.0 |       0 |       1 |   0.0 |     4
        Lair:1 |       0 |    3187 |   0.0 |       0 |      14 |   0.0 |  1061
        Lair:2 |       0 |    7068 |   0.0 |       0 |      23 |   0.0 |   943
        Lair:3 |       0 |    4068 |   0.0 |       0 |      18 |   0.0 |  1002
        Lair:4 |       0 |    4166 |   0.0 |       0 |      13 |   0.0 |  1164
        Lair:5 |       0 |    7256 |   0.0 |       0 |      29 |   0.0 |   836
        Lair:6 |       0 |   19907 |   0.0 |       0 |      82 |   0.0 |  1384
         Orc:1 |       0 |    2669 |   0.0 |       0 |      16 |   0.0 |   840
         Orc:2 |       0 |    8019 |   0.0 |       0 |      95 |   0.0 |  1261
         Elf:1 |       0 |   24948 |   0.0 |       0 |      44 |   0.0 |  1291
         Sewer |       0 |      78 |   0.0 |       0 |       6 |   0.0 |   114
       Ossuary |       0 |      20 |   0.0 |       0 |       4 |   0.0 |    42
        Bailey |       0 |     833 |   0.0 |       0 |      16 |   0.0 |   280
         IceCv |       0 |    3841 |   0.0 |       0 |      21 |   0.0 |  1250
               +---------+---------+-------+---------+---------+-------+---------
